Map: Apoteosis EE

Players

Cab

  • Race: Terran Terran

Aleine - Winner!

  • Race: Zerg Zerg

VOD

Have the link to the VOD?

Description

Time

  • Played on: Sept. 26, 2016, 8:11 p.m.
  • Length: 26:27
Show
View Real Time Build Order
Export as new Build Order

Cab Terran 

Build Orders: MMM Bio 

Get SALT Encoding   

  12  0:01  SCV  
  13  0:14  SCV  
  14  0:20  Supply Depot  
  14  0:28  SCV  
  15  0:41  SCV  
  16  0:43  Barracks  
  16  0:47  Refinery  
  16  0:53  SCV  
  17  1:05  SCV  
  18  1:21  SCV  
  20  1:35  Orbital Command  
  20  1:38  Reaper  
  20  1:48  Command Center  
  21  2:01  Barracks, SCV  
  21  2:10  Marine  
  22  2:19  SCV  
  23  2:39  Barracks Reactor  
  23  2:42  Supply Depot  
  23  2:59  SCV  
  23  3:01  Marine  
  23  3:04  SCV  
  25  3:16  SCV x2  
  25  3:17  Marine x2  
  30  3:23  Barracks Tech Lab  
  29  3:28  SCV  
  29  3:31  Bunker  
  30  3:35  SCV  
  30  3:40  SCV  
  32  3:46  Factory, Marine  
  32  3:47  Marine x2  
  35  3:50  Stimpack  
  35  3:54  Refinery  
  35  3:55  SCV  
  36  4:04  Marine  
  36  4:05  Marine  
  36  4:07  SCV, Orbital Command  
  39  4:14  Refinery  
  39  4:17  Refinery, Marine  
  39  4:19  SCV  
  39  4:22  Marine  
  39  4:23  Marine  
  43  4:25  Bunker  
  43  4:37  Factory Reactor  
  43  4:40  Marauder  
  43  4:41  Starport  
  43  4:43  SCV  
  46  4:54  Supply Depot  
  46  4:57  Supply Depot  
  46  5:15  SCV x2, Marine x3  
  51  5:27  SCV x2  
  53  5:33  Marine x2, Marauder  
  57  5:38  Barracks  
  57  5:42  Factory Tech Lab  
  57  5:45  Medivac x2  
  57  5:46  SCV  
  62  5:51  Combat Shields  
  62  5:57  Supply Depot  
  62  6:00  Supply Depot  
  62  6:07  Engineering Bay  
  62  6:09  Engineering Bay  
  62  6:15  Liberator x2  
  62  6:17  Supply Depot  
  62  6:19  SCV, Marine x2  
  65  6:27  Marine  
  65  6:29  Siege Tank  
  65  6:31  SCV  
  76  6:37  Marine x2  
  76  6:38  Barracks Reactor  
  78  6:40  Supply Depot  
  78  6:45  Marine  
  79  6:58  Liberator x2  
  79  7:00  Marine x2  
  79  7:01  Widow Mine  
  81  7:02  Marine  
  84  7:11  SCV x2  
  92  7:18  Marine  
  93  7:23  SCV  
  93  7:27  Supply Depot  
  94  7:32  Supply Depot  
  94  7:33  Missile Turret  
  94  7:37  Terran Infantry Weapons Level 1  
  94  7:38  Terran Infantry Armor Level 1  
  94  7:49  Siege Tank, SCV x2  
  99  7:52  Missile Turret  
  99  8:20  Widow Mine  
  101  8:34  SCV  
  101  8:35  SCV, Marine  
  101  8:36  Marine x4  
  108  8:47  SCV x2  
  100  8:49  Widow Mine  
  100  8:53  Marine x2  
  104  8:59  SCV x2  
  104  9:00  Marine x3  
  109  9:06  Liberator  
  109  9:11  SCV  
  109  9:15  Marine  
  109  9:19  Marauder  
  109  9:21  Siege Tank  
  110  9:25  SCV  
  110  9:32  Supply Depot  
  110  9:36  Supply Depot  
  110  9:37  Supply Depot  
  110  9:40  Supply Depot  
  110  9:41  Liberator  
  110  9:54  Siege Tank, SCV, Marine x4, Supply Depot x2  
  110  9:58  Missile Turret, SCV  
  122  10:06  Medivac, SCV  
  125  10:10  SCV  
  125  10:11  Command Center  
  126  10:17  Supply Depot  
  126  10:25  Widow Mine  
  128  10:32  SCV  
  128  10:33  SCV  
  128  10:34  Marine x5  
  135  10:36  Medivac  
  135  10:40  Command Center  
  135  10:41  Medivac  
  139  10:45  SCV x2  
  141  10:52  Marine x3  
  141  10:53  Liberator  
  141  10:54  Widow Mine  
  141  10:57  SCV  
  125  11:06  Medivac  
  124  11:13  Marine x3  
  124  11:14  Marine x2  
  116  11:19  Liberator  
  116  11:23  Siege Tank  
  108  11:31  Marine x2  
  105  11:36  Liberator  
  100  11:53  Marine  
  100  11:54  Marine x4, Widow Mine  
  107  12:11  Marine x2  
  107  12:12  Marine  
  103  12:24  Siege Tank  
  103  12:35  Marine x4  
  96  12:52  Marine  
  96  12:53  Marine x3  
  86  13:39  Marine x4  
  84  13:42  Siege Tank  
  84  13:45  Orbital Command  
  81  13:57  Marine x3  
  84  14:11  SCV  
  84  14:14  Siege Tank  
  85  14:40  Marine x2  
  85  14:41  Marine  
  85  14:44  Barracks Reactor  
  88  14:46  Concussive Shells  
  88  14:55  Siege Tank  
  88  14:57  Medivac x2  
  88  14:58  Marine  
  88  14:59  Marauder  
  98  15:17  Refinery  
  98  15:27  Siege Tank, Medivac  
  103  15:34  SCV x2  
  105  15:38  Planetary Fortress  
  105  15:46  SCV x2  
  107  15:57  Liberator x2  
  107  15:58  SCV  
  107  15:59  Siege Tank  
  111  16:10  Marine x4  
  111  16:11  Marine  
  122  16:19  Barracks  
  122  16:20  Barracks  
  122  16:23  Barracks  
  122  16:28  Marine x2  
  122  16:30  Armory  
  122  16:31  Siege Tank  
  127  16:40  Liberator x2  
  127  17:01  Command Center  
  133  17:02  Refinery  
  133  17:03  Siege Tank  
  133  17:04  Refinery  
  133  17:05  SCV x3  
  133  17:06  Marine x2  
  133  17:08  Marine  
  141  17:10  Marine x2  
  129  17:17  SCV x2  
  126  17:24  Marine x2, Supply Depot x2  
  126  17:26  Marine, Supply Depot  
  126  17:28  Supply Depot, Marine, Marauder  
  126  17:29  SCV  
  131  17:35  Siege Tank  
  134  17:41  Marine  
  134  17:42  Marine  
  134  17:43  Refinery  
  134  17:44  Marine  
  136  17:46  Marine  
  136  17:50  Marine  
  139  17:56  Command Center  
  139  17:58  SCV  
  139  17:59  Marine  
  141  18:07  Siege Tank  
  141  18:08  Supply Depot  
  144  18:21  Marine x5  
  144  18:26  Medivac  
  151  18:31  Supply Depot  
  151  18:39  Siege Tank, Marine x3  
  157  18:53  Supply Depot  
  131  19:02  SCV x2  
  109  19:03  SCV, Marine x2  
  109  19:04  Marine x3  
  115  19:11  Siege Tank  
  115  19:14  SCV x2  
  115  19:16  Marine, Supply Depot  
  121  19:17  Marine  
  121  19:18  Marine  
  121  19:21  Marine x2  
  124  19:34  Refinery, Marine x2  
  124  19:36  Marine  
  127  19:39  Refinery  
  127  19:44  Siege Tank  
  118  19:51  Marine  
  118  19:52  Marine  
  99  19:53  Marine  
  99  19:54  Marine  
  99  19:55  Marine x4  
  98  20:06  Medivac  
  91  20:12  Marine x2  
  91  20:16  Siege Tank  
  76  20:42  Command Center  
  72  20:47  Marine  
  72  20:48  Siege Tank, Marine  
  72  20:49  Marine x2  
  70  20:50  Marine  
  70  20:51  Marine x2  
  70  20:52  Marine  
  75  21:05  Marine  
  75  21:06  Marine x2  
  75  21:07  Marine x2  
  75  21:09  Marine x3  
  77  21:23  Marine  
  77  21:24  Marine x2  
  77  21:25  Marine x2  
  78  21:26  Marine x2  
  78  21:27  Marine  
  78  21:28  Siege Tank  
  78  21:30  Medivac  
  88  21:50  SCV  
  88  21:52  SCV  
  91  22:00  Siege Tank  
  91  22:01  Orbital Command  
  93  22:02  Refinery  
  93  22:04  SCV  
  93  22:07  Orbital Command  
  94  22:11  Marine x2  
  94  22:12  Marine x2  
  94  22:13  Barracks Reactor  
  99  22:16  SCV  
  99  22:21  Barracks Reactor  
  99  22:24  Marauder  
  99  22:25  Barracks Reactor  
  101  22:32  Siege Tank  
  104  22:38  SCV, Refinery  
  104  22:41  SCV  
  104  22:43  Marine  
  77  22:59  Marine  
  77  23:00  Marine x6  
  77  23:01  Marine x2  
  70  23:17  Marine  
  71  23:23  Marine x3  
  71  23:24  Marine x6  
  71  23:25  Marine  
  71  23:26  Siege Tank  
  68  23:35  Marine  
  68  23:41  Marine  
  55  24:14  Marine x5  
  55  24:15  Marine x6  
  64  24:32  Marine x2  
  64  24:34  Marine  
  64  24:35  Marine x5  
  64  24:37  Siege Tank  
  74  24:39  Medivac  
  63  24:56  Marine x3  
  63  24:57  Marine x3  
  67  25:09  Siege Tank  
  54  25:26  SCV  
  45  25:34  Marine x2  
  47  25:38  SCV  
  35  25:51  SCV  
  23  26:03  SCV  
  20  26:15  SCV  
Show
View Real Time Build Order
Export as new Build Order

Aleine Zerg - Winner!

Build Orders: Hatch First 

Get SALT Encoding   

  12  0:01  Drone  
  13  0:13  Overlord  
  13  0:21  Drone  
  14  0:32  Drone x2  
  16  0:36  Drone  
  17  0:48  Extractor  
  17  0:59  Hatchery  
  17  1:01  Drone x2  
  18  1:05  Extractor  
  17  1:18  Drone  
  17  1:19  Drone  
  19  1:26  Spawning Pool  
  19  1:30  Drone  
  19  1:47  Drone  
  20  1:54  Overlord  
  20  2:12  Metabolic Boost  
  20  2:15  Queen  
  22  2:16  Queen  
  22  2:19  Zergling x4  
  26  2:25  Drone  
  26  2:29  Drone x2  
  29  2:41  Drone  
  30  2:44  Drone  
  30  2:45  Drone  
  31  3:07  Drone x3  
  34  3:15  Drone x2  
  36  3:20  Overlord  
  36  3:21  Overlord  
  36  3:39  Drone x2  
  38  3:45  Drone  
  39  3:51  Zergling x8  
  39  3:54  Zergling x4, Hatchery  
  44  4:00  Queen  
  46  4:06  Zergling x2  
  48  4:10  Drone x2, Roach Warren  
  48  4:13  Zergling x2  
  49  4:24  Lair  
  49  4:39  Drone x3  
  49  4:40  Overlord  
  49  4:42  Overlord x2  
  52  5:01  Drone x2, Extractor x2  
  52  5:07  Roach x3  
  58  5:14  Drone  
  59  5:19  Drone x2  
  59  5:20  Queen  
  63  5:27  Roach  
  65  5:43  Drone  
  65  5:44  Drone x3  
  69  5:51  Drone  
  69  5:52  Drone  
  69  5:56  Evolution Chamber  
  70  5:58  Overlord x3  
  70  6:00  Evolution Chamber  
  69  6:07  Drone  
  69  6:08  Drone x2  
  72  6:17  Roach x3  
  78  6:19  Drone  
  78  6:21  Roach x3  
  78  6:23  Roach x3  
  78  6:24  Roach x3  
  97  6:28  Zerg Missile Weapons Level 1  
  97  6:30  Zerg Ground Armor Level 1  
  97  6:38  Extractor  
  97  6:40  Drone x4  
  97  6:42  Extractor  
  97  6:44  Extractor  
  97  6:46  Roach x2  
  102  6:48  Overlord x2  
  102  6:49  Overlord  
  102  7:02  Roach x2  
  102  7:06  Drone  
  102  7:07  Drone x2  
  109  7:19  Roach x2  
  109  7:20  Roach x2  
  109  7:21  Roach  
  109  7:22  Roach x3  
  125  7:28  Roach x2  
  129  7:35  Overlord x2  
  129  7:37  Overlord  
  129  7:49  Ravager  
  130  7:54  Overlord x2  
  130  8:33  Roach x5  
  140  8:37  Ravager x2  
  140  8:38  Ravager x9  
  140  8:39  Ravager  
  152  8:47  Overlord  
  151  9:01  Overseer x4  
  149  9:32  Drone x3  
  149  9:33  Drone  
  153  9:44  Glial Reconstitution  
  153  9:52  Hydralisk Den  
  152  9:56  Spore Crawler  
  151  10:16  Drone x3  
  151  10:17  Infestation Pit  
  131  10:42  Spore Crawler  
  81  11:30  Hatchery  
  80  11:40  Hatchery  
  56  12:21  Hydralisk x4  
  62  12:41  Hydralisk x3  
  65  13:02  Hydralisk x2  
  65  13:03  Hydralisk  
  45  13:48  Drone, Queen  
  44  13:50  Queen  
  44  13:52  Drone  
  44  13:53  Drone x2  
  44  13:55  Drone x3  
  54  14:15  Spore Crawler  
  54  14:16  Drone  
  54  14:26  Queen  
  55  14:44  Drone x2  
  57  14:47  Drone x3  
  57  14:49  Zergling x4  
  57  14:50  Zergling x2  
  57  14:52  Queen  
  65  14:55  Infestor  
  65  14:56  Drone x2  
  69  15:00  Zergling x6  
  69  15:05  Queen  
  74  15:12  Zergling x6  
  77  15:21  Spore Crawler  
  77  15:24  Spore Crawler  
  77  15:25  Zergling x6  
  78  15:32  Drone  
  78  15:33  Drone x4  
  83  15:38  Zergling x2  
  84  16:01  Hydralisk x3  
  90  16:07  Drone  
  90  16:08  Drone x4  
  95  16:13  Spore Crawler  
  95  16:17  Hive, Spore Crawler  
  93  16:22  Drone x3  
  93  16:24  Zergling x6  
  89  17:27  Hydralisk x7  
  89  17:28  Hydralisk x2  
  107  17:41  Drone x3  
  107  17:42  Drone x6  
  116  17:49  Hydralisk x2  
  116  17:50  Hydralisk x5  
  130  18:21  Drone x6  
  130  18:24  Extractor  
  135  18:27  Extractor  
  134  18:37  Muscular Augments  
  110  19:21  Ultralisk Cavern  
  82  20:54  Infestor  
  82  20:55  Ultralisk x3  
  82  20:56  Ultralisk x5  
  114  21:28  Hydralisk x6  
  114  21:31  Hydralisk x5  
  136  21:51  Hatchery  
  135  21:55  Chitinous Plating  
  135  21:56  Extractor  
  135  22:00  Extractor  
  115  23:23  Hydralisk  
  115  23:24  Hydralisk x4  
  125  23:27  Queen  
  125  23:29  Hydralisk x4  
  125  23:30  Hydralisk x2  
  125  23:32  Hydralisk  
  141  23:35  Overlord x2  
  119  25:06  Hydralisk x2  
  123  25:10  Hydralisk x6  
Tags
 
Composition
MMM Bio
Matchup
TvZ
Add a new tag
Caveats
  • Supply blocks, unpowered buildings, or Contaminate may cause inaccurate times.
  • Supply counts are checked every 10 seconds.